[Event "Team 45 45 League T40"]
[Site "Internet Chess Club"]
[Date "2009.01.29"]
[Round "1"]
[White "Skylab"]
[Black "medsurg"]
[Result "1-0"]
[WhiteElo "1319"]
[BlackElo "1276"]
[Opening "Queen's pawn game"]
[ECO "D05"]
[Time "21:09:18"]
[TimeControl "2700+45"]

1. d4 d5 2. Nf3 Nf6 3. e3 e6 4. c4 c6 5. Bd3 Be7 6. Qc2 h6 7. Nbd2 Nbd7 8. O-O
O-O 9. Re1 b6 10. b3 Bb7 11. Bb2 Qc7 12. Rac1 Rac8 13. Qb1 Bd6 14. h3 Qb8 15.
cxd5 cxd5 16. e4 dxe4 17. Nxe4 Bf4 18. Nxf6+ Nxf6 19. Rxc8 Rxc8 20. Be2 Be4 21.
Qd1 Rc2 22. Ba1 Rxa2 23. Bd3 Qb7 24. Bxe4 Nxe4 25. Qb1 Rxa1 26. Qxa1 Bd6 27. Qb1
Nc3 28. Qd3 Bb4 29. Rc1 Nd5 30. Qc4 a5 31. Qc8+ Qxc8 32. Rxc8+ Kh7 33. Ne5 f6
34. Nc6 Ne7 35. Nxe7 Bxe7 36. Rb8 Kg6 37. Rxb6 Kf5 38. Ra6 Bb4 39. f3 h5 40. Kf2
Bc3 41. Ke2 Bxd4 42. Rxa5+ e5 43. Kd3 Kf4 44. Ra4 Kg3 45. Rxd4 e4+ 46. fxe4
{Black resigns} 1-0

[Event "Team 45 45 League T40"]
[Site "Internet Chess Club"]
[Date "2009.02.01"]
[Round "1"]
[White "CoasterBrake"]
[Black "Skyler"]
[Result "0-1"]
[WhiteElo "1226"]
[BlackElo "1419"]
[Opening "English: Caro-Kann defensive system"]
[ECO "A11"]
[Time "14:35:16"]
[TimeControl "2700+45"]

1. c4 c6 2. Nc3 d5 3. e4 dxe4 4. Nxe4 Bf5 5. Qc2 e6 6. d3 Be7 7. Nf3 Nf6 8. Bg5
Nxe4 9. Bxe7 Qxe7 10. dxe4 Bg6 11. Bd3 O-O 12. O-O Nd7 13. b4 Rab8 14. Rfe1 Qxb4
15. e5 Qc5 16. Qc3 Rfd8 17. Bxg6 hxg6 18. Ng5 b5 19. Rab1 b4 20. Qb3 Nxe5 21.
Qh3 Qxc4 22. Qh7+ Kf8 23. Qh8+ Ke7 24. Qxg7 Qd4 25. Qxe5 Qxe5 26. Rxe5 Kf6 27.
f4 Rd4 28. Ne4+ Ke7 29. Ra1 f6 30. Rc5 Rxe4 31. Rxc6 Rxf4 32. Rc7+ Kd6 33. Rxa7
b3 34. Ra6+ Ke5 35. axb3 Rxb3 36. Rf1 Rxf1+ 37. Kxf1 Rb5 38. g3 Rd5 39. Ra2 Kf5
40. Kg2 Kg5 41. Rf2 f5 42. Re2 e5 43. h3 e4 44. Kf2 Rd3 45. Kg2 Rd4 46. Kf2 f4
47. gxf4+ Kxf4 48. Kg2 e3 49. Kf1 Rd1+ 50. Re1 Rxe1+ 51. Kxe1 Kg3 52. Ke2 Kxh3
53. Kxe3 g5 54. Kf3 g4+ 55. Kf2 Kh2 {White resigns} 0-1

[Event "Team 45 45 League T40"]
[Site "Internet Chess Club"]
[Date "2009.02.01"]
[Round "1"]
[White "arconia"]
[Black "otib2006"]
[Result "1-0"]
[WhiteElo "1402"]
[BlackElo "1267"]
[Opening "Sicilian"]
[ECO "B50"]
[Time "09:00:23"]
[TimeControl "2700+45"]

1. e4 c5 2. Nf3 d6 3. Bc4 Nf6 4. Nc3 g6 5. O-O Bg7 6. d3 O-O 7. Be3 Bd7 8. d4
Nc6 9. e5 dxe5 10. dxe5 Ng4 11. Bxc5 Ngxe5 12. Be2 b6 13. Be3 Ng4 14. h3 Nxe3
15. fxe3 Bxc3 16. bxc3 Qc8 17. e4 Na5 18. Qd2 Rd8 19. Qh6 Qxc3 20. Ng5 Qg7 21.
Qxg7+ Kxg7 22. Rxf7+ Kh6 23. h4 Nc6 24. Rxh7# {Black checkmated} 1-0

[Event "Team 45 45 League T40"]
[Site "Internet Chess Club"]
[Date "2009.02.06"]
[Round "1"]
[White "fuzzface"]
[Black "mrmarck"]
[Result "1-0"]
[WhiteElo "1336"]
[BlackElo "1158"]
[Opening "Scandinavian (center counter) defense"]
[ECO "B01"]
[Time "10:00:19"]
[TimeControl "2700+45"]

1. e4 d5 2. exd5 Qxd5 3. Nc3 Qa5 4. Nf3 Nf6 5. d4 c6 6. Bd2 Qc7 7. h3 e6 8. a3
Be7 9. Bd3 c5 10. Nb5 Qb6 11. Bf4 Nd5 12. Qc1 a6 13. Nc3 Nd7 14. Nxd5 exd5 15.
dxc5 Bxc5 16. O-O O-O 17. b4 Bd6 18. Be3 Qc7 19. Bd4 f6 20. c4 dxc4 21. Bxc4+
Kh8 22. Re1 b5 23. Bd5 Rb8 24. Qxc7 Bxc7 25. Ba7 Ne5 26. Bxb8 Bxb8 27. Nxe5 Bxe5
28. Ra2 Rd8 29. Rc2 g6 30. g3 Bxh3 31. Bb7 Rd3 32. Bxa6 Rxa3 33. Bxb5 Rb3 34.
Rc4 Be6 35. Rce4 Bd5 36. Bc4 Bxc4 37. Rxc4 Kg7 38. Rd1 Bc3 39. Rd7+ {Black
resigns} 1-0

[Event "Team 45 45 League T40"]
[Site "Internet Chess Club"]
[Date "2009.01.29"]
[Round "1"]
[White "Traho"]
[Black "Newcastler"]
[Result "1-0"]
[WhiteElo "1166"]
[BlackElo "1242"]
[Opening "Réti: King's Indian attack (Barcza system)"]
[ECO "A07"]
[Time "20:00:14"]
[TimeControl "2700+45"]

1. Nf3 d5 2. g3 e6 3. Bg2 Nf6 4. O-O Be7 5. Re1 O-O 6. d3 b6 7. c3 Bb7 8. Nbd2
Nbd7 9. d4 c5 10. e3 cxd4 11. cxd4 Rc8 12. Nb3 a5 13. a4 Rc4 14. Bf1 Rc8 15. Bb5
Bd6 16. Bd2 Ra8 17. Qe2 e5 18. Bxd7 Qxd7 19. dxe5 Bxe5 20. Nxe5 Qh3 21. Qf1 Qh5
22. Bc3 Rfe8 23. Nd3 Ng4 24. h4 Qf5 25. Nd4 Qg6 26. Nf4 Qe4 27. Qd3 Qe7 28. Rad1
Ne5 29. Qe2 Ba6 30. Nxd5 Qd6 31. Nb5 Bxb5 32. Qxb5 Nf3+ 33. Kf1 Rac8 34. Re2 h6
35. Nf6+ Qxf6 36. Bxf6 gxf6 37. Qxe8+ Rxe8 38. Rc2 Nh2+ 39. Kg2 Ng4 40. Rdc1 Kg7
41. Rc4 Ne5 42. Re4 Rd8 43. Rd4 Re8 44. Rcd1 Nc6 45. Rg4+ Kh7 46. Rc1 Ne5 47.
Rd4 Nc6 48. Rd7 Ne5 49. Rb7 Re6 50. Rcc7 Kg6 51. Rc8 Nd3 52. Rg8+ Kh7 53. Rbb8
Nxb2 54. h5 Re5 55. Rh8+ Kg7 56. Rbg8# {Black checkmated} 1-0

[Event "Team 45 45 League T40"]
[Site "Internet Chess Club"]
[Date "2009.02.01"]
[Round "1"]
[White "ffplayer"]
[Black "jocooper"]
[Result "1-0"]
[WhiteElo "1100"]
[BlackElo "1150"]
[Opening "King's Indian: Zinnowitz variation"]
[ECO "E61"]
[Time "21:00:10"]
[TimeControl "2700+45"]

1. d4 Nf6 2. c4 g6 3. Nc3 Bg7 4. Bg5 O-O 5. Nf3 d6 6. e4 Nbd7 7. Bd3 c6 8. Qd2
e5 9. dxe5 Nxe5 10. Nxe5 dxe5 11. Qc2 h6 12. Bh4 Be6 13. O-O Rc8 14. b3 Qc7 15.
Nb1 Nd7 16. Nd2 a6 17. h3 b5 18. c5 a5 19. Be7 Rfe8 20. Bd6 Qa7 21. a3 Bf8 22.
Bxf8 Rxf8 23. b4 Nf6 24. Rfe1 a4 25. Nf3 Qc7 26. Qc3 Nd7 27. Qd2 Kg7 28. Bc2 Nf6
29. Rad1 Rcd8 30. Qc3 Nd7 31. Rd6 Nf6 32. Red1 Rxd6 33. cxd6 Qc8 34. Nxe5 Rd8
35. Nf3 Bb3 36. e5 Qe6 37. exf6+ Qxf6 38. Qxf6+ Kxf6 39. Rc1 Rxd6 40. Be4 Bc4
41. Kh2 Re6 42. Re1 h5 43. Nd4 Rd6 44. Nxc6 Bd5 45. Bxd5 Rxd5 46. Ne7 Rd3 47.
Re3 Rd2 48. Kg3 g5 49. h4 gxh4+ 50. Kxh4 Rxf2 51. Nd5+ Kg6 52. Rg3+ Kh6 53. Nc7
Rf4+ 54. Kh3 f5 55. Nxb5 Rg4 56. Rxg4 fxg4+ 57. Kh4 Kg6 58. Nc3 Kf5 59. Nxa4 Kf4
60. b5 Ke3 61. b6 Kf2 62. b7 g3 63. b8=Q Kxg2 64. Qxg3+ {Black resigns} 1-0

[Event "Team 45 45 League T40"]
[Site "Internet Chess Club"]
[Date "2009.01.30"]
[Round "1"]
[White "WannaB"]
[Black "klt713"]
[Result "0-1"]
[WhiteElo "1144"]
[BlackElo "1106"]
[Opening "Sicilian: closed"]
[ECO "B23"]
[Time "19:58:40"]
[TimeControl "2700+45"]

1. e4 c5 2. Nc3 e6 3. f4 Nc6 4. Nf3 a6 5. a3 b5 6. b3 Bb7 7. Bb2 Nge7 8. Be2 h6
9. O-O d5 10. exd5 Nxd5 11. Ne5 Nxe5 12. fxe5 Nxc3 13. Bxc3 Qg5 14. Bg4 h5 15.
Bf3 Rb8 16. Bxb7 Rxb7 17. Qf3 Qe7 18. Qc6+ Qd7 19. Qxd7+ Rxd7 20. d3 g6 21. b4
Be7 22. bxc5 Bxc5+ 23. d4 Bxd4+ 24. Bxd4 Rxd4 25. Rfd1 Re4 26. Re1 Rxe1+ 27.
Rxe1 O-O 28. Rd1 Rc8 29. Rd2 Rc3 30. Kf2 Rxa3 31. Rd3 Ra2 32. Rd2 b4 33. Ke3 a5
34. Kd3 a4 35. c3 b3 36. Rxa2 bxa2 {White resigns} 0-1

[Event "Team 45 45 League T40"]
[Site "Internet Chess Club"]
[Date "2009.01.30"]
[Round "1"]
[White "mumu"]
[Black "kjs110"]
[Result "1-0"]
[WhiteElo "1240"]
[BlackElo "1153"]
[Opening "Caro-Kann defense"]
[ECO "B15"]
[Time "19:01:20"]
[TimeControl "2700+45"]

1. e4 c6 2. d4 d5 3. Nc3 Nf6 4. e5 Ng8 5. Nf3 Bf5 6. Bf4 e6 7. Be2 Bb4 8. O-O
Ne7 9. a3 Ba5 10. b4 Bb6 11. a4 a6 12. a5 Ba7 13. Bg5 O-O 14. Bd3 Bxd3 15. Qxd3
h6 16. Bh4 g5 17. Bg3 Nf5 18. Nd1 Nxg3 19. fxg3 Nd7 20. Ne3 h5 21. g4 h4 22. Nd1
Qe7 23. Qd2 Kg7 24. Nxg5 Nxe5 25. Kh1 Nc4 26. Qf4 Bb8 27. Qc1 Qxb4 28. Nf3 Rh8
29. Qg5+ Kf8 30. Nxh4 Nd2 31. Qd8+ Kg7 32. Qf6+ Kg8 33. Qxf7# {Black checkmated}
1-0

[Event "Team 45 45 League T40"]
[Site "Internet Chess Club"]
[Date "2009.01.31"]
[Round "1"]
[White "The-Capitalist"]
[Black "taichichen"]
[Result "0-1"]
[WhiteElo "1176"]
[BlackElo "1129"]
[Opening "Four knights: double Ruy Lopez"]
[ECO "C49"]
[Time "11:00:13"]
[TimeControl "2700+45"]

1. e4 e5 2. Nf3 Nc6 3. Bb5 Nf6 4. Nc3 Bb4 5. Qe2 Nd4 6. Nxd4 exd4 7. Nd5 c6 8.
Nxf6+ Qxf6 9. Bd3 O-O 10. a3 Bd6 11. O-O Qh6 12. g3 Re8 13. f4 f5 14. e5 Bc7 15.
Bxf5 d6 16. Bxc8 Raxc8 17. Qc4+ Qe6 18. Qxe6+ Rxe6 19. Re1 Bb6 20. d3 Rce8 21.
Bd2 dxe5 22. f5 R6e7 23. Bg5 Rf7 24. g4 h5 25. h3 Bc5 26. b4 Be7 27. Rxe5 hxg4
28. hxg4 Kf8 29. Rae1 b5 30. Kg2 a6 31. Kg3 g6 32. f6 Bd6 33. Bh6+ Kg8 34. Bf4
Bxe5 35. Bxe5 Rxf6 36. Re4 Rfe6 37. Bxd4 Rxe4 38. dxe4 Rxe4 39. c3 Re1 40. Kh4
Kf7 41. Kg5 Ra1 42. Kh6 Rxa3 43. Kg5 a5 44. bxa5 Rxa5 45. Bc5 Ra1 46. Bb4 Rc1
47. Kh6 c5 48. Bxc5 Rxc3 49. Bd6 Rd3 50. Bc5 Rd5 51. Ba3 Rd1 52. Kg5 Rb1 53. Bc5
b4 54. Bd4 b3 55. Bc3 Rf1 56. Kh6 Rf2 57. Kg5 b2 58. Bxb2 Rxb2 59. Kh6 Rb5 60.
Kh7 Rg5 61. Kh6 Rxg4 {White resigns} 0-1

[Event "Team 45 45 League T40"]
[Site "Internet Chess Club"]
[Date "2009.01.30"]
[Round "1"]
[White "baseball613"]
[Black "lawth3"]
[Result "0-1"]
[WhiteElo "1077"]
[BlackElo "1119"]
[Opening "Queen's bishop game"]
[ECO "D02"]
[Time "16:33:35"]
[TimeControl "2700+45"]

1. d4 d5 2. Nf3 Nf6 3. Bf4 e6 4. e3 Be7 5. Bd3 h6 6. c3 Nbd7 7. Nbd2 c5 8. Ne5
c4 9. Bc2 Bd6 10. Nxf7 Kxf7 11. Bxd6 Re8 12. Qb1 Kg8 13. Bg6 Rf8 14. Bxf8 Qxf8
15. Nf3 Qd6 16. Kd2 Nf8 17. Bc2 Ng4 18. Qf1 e5 19. Re1 e4 20. Nh4 g5 21. h3 Nf6
22. Nf3 exf3 23. gxf3 Kf7 24. e4 Nh5 25. e5 Qb6 26. b3 Qa5 27. a4 b5 28. axb5
Rb8 29. bxc4 dxc4 30. Qxc4+ Be6 31. Qb4 Qxb4 32. cxb4 Rxb5 33. Kc3 Nd7 34. Bb3
a5 35. Kc2 Bxb3+ 36. Kxb3 Nf4 37. Kc4 Rxb4+ 38. Kc3 Nd5+ 39. Kd3 Nf4+ 40. Ke4
Ke6 41. h4 Nc5+ 42. Ke3 Ng2+ 43. Kd2 Nxe1 44. dxc5 Nxf3+ 45. Ke2 Nxh4 46. c6 Rb8
47. c7 Rc8 48. Ra1 Kd7 49. Rxa5 Rxc7 50. Rd5+ Ke6 51. Rd6+ Kxe5 52. Rxh6 Kf4 53.
Rh8 Rc2+ 54. Kf1 Rc1+ 55. Ke2 Ng2 56. Rf8+ Kg4 57. f3+ Kg3 58. Rg8 Re1+ 59. Kd3
Re5 60. Kd4 Kf4 61. Rf8+ Rf5 62. Rxf5+ Kxf5 63. Kd3 Kf4 64. Ke2 Nh4 65. Kf2 Nxf3
66. Kg2 Ne1+ 67. Kg1 Ke3 68. Kh2 Kf4 69. Kg1 g4 70. Kf1 Nd3 71. Kg2 g3 72. Kg1
Kg4 73. Kg2 Nf4+ 74. Kg1 Kh3 75. Kh1 g2+ 76. Kg1 Nh5 77. Kf2 Kh2 78. Kf3 g1=Q
79. Ke4 Qd1 80. Ke3 Nf6 81. Kf4 Qe1 82. Kf3 Qe4+ 83. Kf2 Ng4+ 84. Kf1 Kh3 85.
Kg1 Qg2# {White checkmated} 0-1

[Event "Team 45 45 League T40"]
[Site "Internet Chess Club"]
[Date "2009.01.30"]
[Round "1"]
[White "KingOfHearts"]
[Black "ordinaryboy"]
[Result "1-0"]
[WhiteElo "1281"]
[BlackElo "910"]
[Opening "Sicilian: Hungarian variation"]
[ECO "B27"]
[Time "19:02:54"]
[TimeControl "2700+45"]

1. e4 c5 2. Nf3 g6 3. Bc4 Nc6 4. Nc3 Bg7 5. O-O e6 6. d3 Nge7 7. Bf4 O-O 8. Qd2
d5 9. Bb3 Re8 10. Nb5 e5 11. Bg5 Be6 12. c4 d4 13. Bh6 Bf6 14. Ng5 a6 15. Na3
Bg4 16. f3 Bd7 17. f4 Qc7 18. Nc2 b5 19. Ne1 Bh8 20. f5 gxf5 21. Bd1 f6 22. Bh5
Ng6 23. exf5 fxg5 24. fxg6 hxg6 25. Bxg6 Be6 26. Qxg5 Re7 27. Rf3 Bg7 28. Rg3
Bxh6 29. Qxh6 bxc4 30. Nc2 Nb4 31. Rf1 Rg7 32. Bh7+ Kh8 33. Bf5+ Kg8 34. Bxe6+
Qf7 35. Bxf7+ Kf8 36. Bd5+ Ke8 37. Qxg7 Nxc2 38. Rf8# {Black checkmated} 1-0

[Event "Team 45 45 League T40"]
[Site "Internet Chess Club"]
[Date "2009.01.28"]
[Round "1"]
[White "musk6868"]
[Black "quotha"]
[Result "1-0"]
[WhiteElo "1700"]
[BlackElo "1646"]
[Opening "Philidor: exchange variation"]
[ECO "C41"]
[Time "18:27:34"]
[TimeControl "2700+45"]

1. e4 e5 2. Nf3 d6 3. d4 exd4 4. Nxd4 Nf6 5. Nc3 Be7 6. Bc4 O-O 7. O-O c6 8. a4
Nbd7 9. f4 Nb6 10. Bd3 Bg4 11. Nf3 Re8 12. h3 Bc8 13. a5 Nbd7 14. Kh1 Qc7 15. g4
Nc5 16. Be3 Bf8 17. Bxc5 dxc5 18. e5 Nd5 19. Qd2 Nb4 20. Bc4 Rd8 21. Qe2 Nd5 22.
Qe4 Be6 23. Ng5 g6 24. Nxe6 fxe6 25. Ne2 b5 26. axb6 axb6 27. Ng1 b5 28. Be2 Bh6
29. Rxa8 Rxa8 30. c4 Ra4 31. b3 Rb4 32. f5 Nc3 33. Qd3 Qxe5 34. Qd8+ Bf8 35.
fxg6 Qe4+ 36. Rf3 Qxf3+ 37. Bxf3 hxg6 38. Bxc6 bxc4 39. bxc4 Rxc4 40. Qd3 {Black
resigns} 1-0

[Event "Team 45 45 League T40"]
[Site "Internet Chess Club"]
[Date "2009.01.31"]
[Round "1"]
[White "jacknor"]
[Black "AlterEgo"]
[Result "0-1"]
[WhiteElo "1697"]
[BlackElo "1476"]
[Opening "Sicilian: closed"]
[ECO "B23"]
[Time "13:09:34"]
[TimeControl "2700+45"]

1. e4 c5 2. Nc3 e6 3. f4 d5 4. exd5 exd5 5. Qe2+ Be7 6. Nf3 Nc6 7. d3 Nf6 8. Bd2
O-O 9. O-O-O Nd4 10. Nxd4 cxd4 11. Nb1 Bg4 12. Qe1 Bxd1 13. Qxd1 a5 14. h3 Bb4
15. g4 g6 16. f5 Qd6 17. Bh6 Rfe8 18. fxg6 Re1 19. gxf7+ Kxf7 20. Bg2 Rxd1+ 21.
Kxd1 Qg3 {White resigns} 0-1

[Event "Team 45 45 League T40"]
[Site "Internet Chess Club"]
[Date "2009.02.02"]
[Round "1"]
[White "ticopatzer"]
[Black "ErycC"]
[Result "1-0"]
[WhiteElo "1501"]
[BlackElo "1608"]
[Opening "French: King's Indian attack"]
[ECO "C00"]
[Time "21:04:18"]
[TimeControl "2700+45"]

1. e4 e6 2. d3 d5 3. Nd2 dxe4 4. dxe4 Nc6 5. Ngf3 Nf6 6. Bb5 Bd7 7. O-O Bd6 8.
Bxc6 Bxc6 9. e5 Bxe5 10. Nxe5 Qd5 11. Ndf3 Qxd1 12. Rxd1 Bxf3 13. Nxf3 Ke7 14.
Bf4 Nd5 15. Be5 f6 16. c4 fxe5 17. cxd5 e4 18. Ng5 exd5 19. Rxd5 {Black resigns}
1-0

[Event "Team 45 45 League T40"]
[Site "Internet Chess Club"]
[Date "2009.01.31"]
[Round "1"]
[White "Wolf-Man"]
[Black "Monsieur"]
[Result "0-1"]
[WhiteElo "1463"]
[BlackElo "1644"]
[Opening "Latvian: Polerio variation"]
[ECO "C40"]
[Time "21:00:06"]
[TimeControl "2700+45"]

1. e4 e5 2. Nf3 f5 3. Bc4 fxe4 4. Nxe5 d5 5. Qh5+ g6 6. Nxg6 Nf6 7. Qe5+ Be7 8.
Nxe7 Qxe7 9. Qxe7+ Kxe7 10. Bb3 Rg8 11. Kf1 b5 12. Nc3 c6 13. a4 b4 14. Ne2 a5
15. c3 c5 16. Bc2 Nc6 17. d4 cxd4 18. Nxd4 Nxd4 19. cxd4 Ba6+ 20. Kg1 Raf8 21.
h3 Rg6 22. Bf4 Rfg8 23. g3 Be2 24. Kh2 Bf3 25. Rhc1 Nh5 26. Be3 Nxg3 27. fxg3
Rxg3 28. Rg1 Rg2+ 29. Rxg2 Rxg2+ 30. Kh1 Rxc2+ 31. Kg1 Rg2+ 32. Kf1 Rxb2 33. Rc1
Be2+ 34. Ke1 Bc4 35. Bg5+ Ke6 {White resigns} 0-1

[Event "Team 45 45 League T40"]
[Site "Internet Chess Club"]
[Date "2009.01.31"]
[Round "1"]
[White "crankn8tr"]
[Black "Gupta"]
[Result "0-1"]
[WhiteElo "1540"]
[BlackElo "1643"]
[Opening "French defense"]
[ECO "C11"]
[Time "11:34:06"]
[TimeControl "2700+45"]

1. e4 e6 2. d4 d5 3. Nc3 Nf6 4. exd5 exd5 5. Qf3 Bg4 6. Qg3 Bd6 7. Bf4 Bxf4 8.
Qxf4 O-O 9. f3 Re8+ 10. Nge2 Bh5 11. O-O-O Nc6 12. g4 Bg6 13. h4 h5 14. Ng3 a6
15. Nf5 b5 16. g5 Nh7 17. Bd3 Nf8 18. Rhg1 Ne6 19. Qg3 Bxf5 20. Bxf5 Nexd4 21.
Qf4 b4 22. Rxd4 bxc3 23. Rd3 d4 24. b3 Qe7 25. Kb1 Qa3 26. Qc1 Qa5 27. Be4 Nb4
28. a4 Nxd3 29. Bxd3 Rab8 30. Bc4 Qxa4 31. Qf4 Qxc4 {White resigns} 0-1

[Event "Team 45 45 League T40"]
[Site "Internet Chess Club"]
[Date "2009.02.01"]
[Round "1"]
[White "evsponge1"]
[Black "slipkid"]
[Result "1-0"]
[WhiteElo "1198"]
[BlackElo "1550"]
[Opening "Benkö gambit accepted"]
[ECO "A58"]
[Time "12:59:53"]
[TimeControl "2700+45"]

1. d4 Nf6 2. c4 c5 3. d5 b5 4. cxb5 a6 5. bxa6 Bxa6 6. Nc3 d6 7. Nf3 g6 8. Bd2
Bg7 9. h3 O-O 10. Nh2 Nbd7 11. e4 Bxf1 12. Nxf1 Qb6 13. Qc1 Rfb8 14. Rb1 Ne5 15.
Qc2 Qa6 16. Be3 Nc4 17. Bc1 Qb7 18. Ne3 Nxe3 19. Bxe3 Nd7 20. a3 Qb3 21. Qxb3
Rxb3 22. O-O Rab8 23. Bd2 Rxb2 24. Rxb2 Rxb2 25. Rd1 Rb3 26. Rb1 Rxa3 27. Rb7
Be5 28. g3 Nf6 29. Bh6 Kh8 30. Nb5 Ra1+ 31. Kg2 Ng8 32. Rb8 Bg7 33. Bg5 f6 34.
Bf4 Rb1 35. Nxd6 exd6 36. Rxb1 f5 37. Bxd6 c4 38. e5 Nh6 39. e6 Kg8 40. Rb8+ Bf8
41. Rxf8+ {Black resigns} 1-0

[Event "Team 45 45 League T40"]
[Site "Internet Chess Club"]
[Date "2009.01.31"]
[Round "1"]
[White "jjaillet2007"]
[Black "guyd52"]
[Result "0-1"]
[WhiteElo "1219"]
[BlackElo "1307"]
[Opening "Neo-Indian (Seirawan) attack"]
[ECO "E00"]
[Time "20:00:27"]
[TimeControl "2700+45"]

1. d4 e6 2. c4 Nf6 3. Bg5 g6 4. e3 Bg7 5. Nf3 O-O 6. e4 d6 7. Bd3 Nbd7 8. O-O c5
9. e5 cxd4 10. exf6 Bxf6 11. Bxf6 Qxf6 12. Nbd2 e5 13. Ne4 Qe7 14. Nfg5 f5 15.
Nxh7 Kxh7 16. Ng3 Nc5 17. Re1 b6 18. b4 Nxd3 19. Qxd3 Bb7 20. Ne2 Be4 21. Qh3+
Kg7 22. Ng3 Rh8 23. Nh5+ Rxh5 24. Qa3 Qg5 25. Qg3 Qxg3 26. fxg3 Rc8 27. g4 Rh6
28. gxf5 gxf5 29. c5 bxc5 30. bxc5 Rxc5 31. Rac1 Rxc1 32. Rxc1 d3 33. Kf2 Rxh2
34. Rg1 f4 35. a4 Rxg2+ 36. Rxg2+ Bxg2 37. Kxg2 d2 {White resigns} 0-1

[Event "Team 45 45 League T40"]
[Site "Internet Chess Club"]
[Date "2009.01.31"]
[Round "1"]
[White "Zohan"]
[Black "farbror"]
[Result "1-0"]
[WhiteElo "1199"]
[BlackElo "1151"]
[Opening "Philidor: Improved Hanham variation"]
[ECO "B07"]
[Time "23:00:32"]
[TimeControl "2700+45"]

1. e4 d6 2. d4 Nf6 3. Nc3 Nbd7 4. Nf3 e5 5. d5 c6 6. dxc6 bxc6 7. Bc4 h6 8. O-O
Be7 9. Nh4 Nxe4 10. Nxe4 d5 11. Bxd5 cxd5 12. Qxd5 Nb6 13. Qxe5 O-O 14. Nf3 Re8
15. Qc3 Bb7 16. Qd3 Qxd3 17. cxd3 Rad8 18. Ne5 Bxe4 19. dxe4 Bc5 20. Nc6 Rd7 21.
Re1 Nd5 22. Bd2 Nf6 23. e5 Ng4 24. Re2 Bxf2+ 25. Kh1 Bc5 26. b4 Bd4 27. Nxd4
Rxd4 28. Bc3 Rd5 29. Rae1 Red8 30. h3 Nxe5 31. Bxe5 Re8 32. Bc3 Rxe2 33. Rxe2
Rd1+ 34. Kh2 Rc1 35. Bd4 Rc4 36. Bc5 a5 37. a3 g5 38. Kg3 Kg7 39. Kf3 f5 40.
Re7+ Kf6 41. Ra7 axb4 42. axb4 Rc3+ 43. Ke2 Rc2+ 44. Kf3 Rc3+ 45. Kf2 Rc2+ 46.
Kg1 f4 47. Ra1 h5 48. Rf1 Rc4 49. Rd1 Kf5 50. Rd5+ Ke4 51. Rxg5 Rc1+ 52. Kh2 Rc2
53. Rxh5 f3 54. b5 Rxc5 55. Rxc5 f2 56. Rc1 Ke3 57. Rf1 Ke2 58. Rxf2+ Kxf2 59.
b6 {Black resigns} 1-0

[Event "Team 45 45 League T40"]
[Site "Internet Chess Club"]
[Date "2009.02.02"]
[Round "1"]
[White "dornoch"]
[Black "Daidalos"]
[Result "0-1"]
[WhiteElo "1021"]
[BlackElo "1103"]
[Opening "French defense"]
[ECO "C00"]
[Time "16:00:45"]
[TimeControl "2700+45"]

1. e4 e6 2. Nf3 Nc6 3. Bb5 a6 4. Ba4 b5 5. Bb3 Bc5 6. O-O d6 7. c3 Nge7 8. d4
Bb6 9. Re1 Bd7 10. Be3 Ng6 11. d5 exd5 12. Bxb6 cxb6 13. exd5+ Nce7 14. Bc2 O-O
15. Bxg6 Nxg6 16. Qd4 Re8 17. Nbd2 Qc7 18. Rxe8+ Rxe8 19. Ne4 Nf4 20. Re1 h6 21.
Nf6+ gxf6 22. Rxe8+ Bxe8 23. Qxf4 Kg7 24. Nd4 Bd7 25. Nf5+ Bxf5 26. Qxf5 Qe7 27.
Qg4+ Kh7 28. g3 Qe5 29. Qd7 Qxd5 30. Qa7 Qxa2 31. Qxb6 Qa1+ 32. Kg2 d5 33. Qxf6
Qxb2 34. Qxf7+ Kh8 35. Qxd5 Qxc3 36. Qa8+ Kg7 37. Qxa6 b4 38. Qb7+ Kg6 39. Qe4+
Kf6 40. f4 Qd2+ 41. Kh3 Qd7+ 42. g4 h5 43. Qxb4 Qxg4# {White checkmated} 0-1

[Event "Team 45 45 League T40"]
[Site "Internet Chess Club"]
[Date "2009.01.31"]
[Round "1"]
[White "Conjurer"]
[Black "katabatico"]
[Result "0-1"]
[WhiteElo "1324"]
[BlackElo "1355"]
[Opening "English: four knights, kingside fianchetto"]
[ECO "A29"]
[Time "14:00:34"]
[TimeControl "2700+45"]

1. c4 Nf6 2. Nc3 e5 3. Nf3 Nc6 4. g3 Bb4 5. Bg2 O-O 6. Nd5 Bd6 7. O-O e4 8.
Nxf6+ Qxf6 9. Ng5 Qxg5 10. Bxe4 Re8 11. d4 Qf6 12. Bd5 Nxd4 13. Be3 c6 14. Bxd4
Be5 15. Bxe5 Rxe5 16. f4 Rh5 17. Bf3 Rh6 18. Qc2 d6 19. Rad1 Qd8 20. b3 Qb6+ 21.
Kh1 Bh3 22. Rfe1 Bg4 23. Bxg4 Qf2 24. h3 Qxg3 25. Qe4 Qxg4 26. Rd3 Rxh3+ 27.
Rxh3 Qxh3+ 28. Kg1 Qg3+ 29. Kf1 h5 30. e3 h4 31. Re2 h3 32. f5 h2 33. Qg2 Qe5
34. e4 Qa1+ 35. Re1 Qxa2 36. f6 g6 37. Qh3 Qb2 38. Re2 Qxf6+ 39. Rf2 Qa1+ 40.
Kg2 Qg1+ 41. Kf3 h1=Q+ 42. Qxh1 Qxh1+ {White resigns} 0-1

[Event "Team 45 45 League T40"]
[Site "Internet Chess Club"]
[Date "2009.01.30"]
[Round "1"]
[White "malihini"]
[Black "blkmagic"]
[Result "1-0"]
[WhiteElo "1272"]
[BlackElo "1217"]
[Opening "Giuoco Piano"]
[ECO "C54"]
[Time "21:03:35"]
[TimeControl "2700+45"]

1. e4 e5 2. Nf3 Nc6 3. Bc4 Bc5 4. c3 Nf6 5. d4 exd4 6. cxd4 Bb4+ 7. Bd2 Nxe4 8.
Qe2 Qe7 9. Bd5 Bxd2+ 10. Nbxd2 Nb4 11. Bxe4 c6 12. O-O d6 13. Rfe1 Be6 14. Bf5
Nd5 15. Bxe6 fxe6 16. Qxe6 Qxe6 17. Rxe6+ Kd7 18. Rae1 Rae8 19. Rxe8 Rxe8 20.
Rxe8 Kxe8 21. Nc4 Kd7 22. Ng5 h6 23. Ne4 Nf6 24. Ncxd6 Nxe4 25. Nxe4 b5 26. f4
Ke6 27. Kf2 b4 28. g4 Kd5 29. Ke3 Ke6 30. Kd3 a5 31. Kc4 Ke7 32. Kc5 Kd7 33. h4
{Black resigns} 1-0

[Event "Team 45 45 League T40"]
[Site "Internet Chess Club"]
[Date "2009.01.31"]
[Round "1"]
[White "Rhayder"]
[Black "sere"]
[Result "1-0"]
[WhiteElo "1052"]
[BlackElo "936"]
[Opening "Petrov: modern (Steinitz) attack"]
[ECO "C43"]
[Time "08:03:12"]
[TimeControl "2700+45"]

1. e4 e5 2. Nf3 Nf6 3. d4 exd4 4. Nxd4 Nxe4 5. Qe2 Qe7 6. Nb5 Qc5 7. Qxe4+ Be7
8. Be3 d5 9. Bxc5 dxe4 10. Bxe7 Kxe7 11. Nxc7 Rd8 12. Nxa8 Nc6 13. Nc3 Nd4 14.
Rc1 Bf5 15. Nc7 a6 16. Be2 Rd7 17. N7d5+ Kf8 18. Ne3 Be6 19. Bg4 Bxg4 20. Nxg4
b5 21. Nxe4 Rc7 22. c3 Re7 23. f3 Ne6 24. O-O f5 25. Ng3 fxg4 26. fxg4+ Kg8 27.
Rce1 a5 28. Nf5 Re8 29. Nd6 Re7 30. Nxb5 {Black resigns} 1-0

[Event "Team 45 45 League T40"]
[Site "Internet Chess Club"]
[Date "2009.02.02"]
[Round "1"]
[White "Razorbackchess"]
[Black "Archdruid"]
[Result "1-0"]
[WhiteElo "1771"]
[BlackElo "1714"]
[Opening "Queen's pawn: Charlick (Englund) gambit"]
[ECO "A40"]
[Time "21:08:12"]
[TimeControl "2700+45"]

1. d4 e5 2. dxe5 Nc6 3. Nf3 Qe7 4. c4 Qb4+ 5. Nc3 Qxc4 6. e4 Qe6 7. Bf4 h6 8. h4
Bb4 9. Qc2 Qg4 10. Bg3 Bxc3+ 11. bxc3 Nge7 12. Be2 Qe6 13. Nd4 Qg6 14. Nb5 O-O
15. Nxc7 Rb8 16. Bd3 a6 17. Nd5 Qe6 18. Nf4 Qxe5 19. Ng6 fxg6 20. Bxe5 Nxe5 21.
O-O Rf4 22. g3 Nf3+ 23. Kg2 Rf8 24. Be2 Ne5 25. f4 N5c6 26. a4 Kh8 27. Rad1 b5
28. axb5 axb5 29. Rd6 Re8 30. Rfd1 Bb7 31. Bf3 Na5 32. Rxd7 Nc4 33. Qf2 Bc6 34.
Rc7 Rbd8 35. Rxd8 Rxd8 36. Qa7 Rd2+ 37. Kh3 Nf5 38. Rxc6 Nfe3 39. Qb8+ Kh7 40.
Qe8 Nd6 41. Rxd6 Rxd6 42. e5 Rd2 43. Be4 Nf5 44. Bxf5 gxf5 45. Qxb5 g5 46. hxg5
hxg5 47. fxg5 Kg6 48. Qc6+ Kxg5 49. Qf6+ Kh5 50. Qxf5+ {Black resigns} 1-0